Map: Dusk Towers

Players

SvartaSpyor

  • Race: Zerg Zerg
  • League: Platinum

blackxored - Winner!

  • Race: Zerg Zerg
  • League: Platinum

VOD

Have the link to the VOD?

Description

Time

  • Played on: June 25, 2016, 12:55 p.m.
  • Length: 19:25
Show
View Real Time Build Order
Export as new Build Order

SvartaSpyor Zerg 

Build Orders: Hatch First, Zergling Baneling 

Get SALT Encoding   

  12  0:01  Drone  
  13  0:12  Overlord  
  13  0:17  Drone  
  14  0:30  Drone x2  
  14  0:35  Drone  
  17  0:52  Hatchery  
  17  0:56  Drone  
  17  0:59  Drone  
  18  1:06  Extractor  
  17  1:16  Spawning Pool  
  16  1:19  Drone  
  16  1:25  Drone  
  18  1:29  Drone  
  19  1:39  Overlord  
  19  2:03  Zergling x4  
  19  2:05  Metabolic Boost  
  21  2:09  Queen x2  
  21  2:11  Drone  
  21  2:15  Drone  
  27  2:18  Drone  
  27  2:22  Drone  
  29  2:33  Drone x2  
  31  2:38  Baneling Nest  
  30  2:49  Overlord  
  30  2:56  Zergling x2  
  30  2:57  Zergling x4  
  33  3:15  Zergling x8  
  37  3:23  Zergling x12  
  43  3:37  Overlord x2  
  43  3:47  Baneling x8  
  43  3:48  Baneling  
  38  4:18  Zergling x2  
  38  4:19  Zergling x16  
  37  4:39  Zergling x2  
  37  4:40  Zergling x6  
  37  4:43  Baneling  
  37  4:44  Baneling x5  
  41  4:55  Drone x2  
  41  4:56  Drone x6, Hatchery  
  48  5:08  Drone x2  
  48  5:12  Extractor x2  
  48  5:24  Lair  
  44  5:46  Zergling x14  
  44  5:47  Zergling x2  
  46  6:15  Drone x5  
  46  6:16  Drone x3  
  54  6:27  Spire  
  54  6:31  Extractor  
  52  6:44  Drone x2  
  52  6:45  Drone  
  55  6:55  Queen, Spine Crawler  
  55  6:56  Spine Crawler  
  55  7:14  Overlord x2  
  55  7:15  Overlord  
  55  7:38  Mutalisk  
  55  7:39  Mutalisk x7  
  55  7:42  Queen  
  73  7:44  Mutalisk x2  
  77  7:52  Mutalisk  
  79  8:03  Overlord x2  
  79  8:04  Drone x3  
  82  8:22  Drone x5  
  82  8:24  Extractor  
  86  8:28  Extractor  
  85  8:55  Roach Warren, Evolution Chamber  
  83  8:57  Evolution Chamber  
  83  9:02  Drone x2  
  84  9:04  Hydralisk Den  
  81  9:13  Drone  
  81  9:14  Drone x15  
  97  9:23  Zerg Missile Weapons Level 1, Zerg Ground Armor Level 1  
  97  9:29  Spore Crawler, Hatchery  
  95  9:33  Spore Crawler  
  95  9:36  Spore Crawler  
  93  9:39  Overseer  
  93  9:54  Glial Reconstitution  
  93  10:04  Overlord x3  
  93  10:05  Overlord x2  
  93  10:06  Overlord  
  93  10:25  Roach x14  
  93  10:26  Roach x2  
  93  10:27  Roach  
  124  11:15  Overlord x4  
  124  11:17  Roach  
  124  11:18  Roach x7  
  115  11:49  Roach  
  115  11:50  Roach x15  
  115  11:51  Roach x4  
  133  12:07  Burrow  
  133  12:10  Tunneling Claws  
  133  12:11  Zerg Ground Armor Level 2, Zerg Missile Weapons Level 2  
  133  12:14  Roach x5  
  133  12:15  Roach x3  
  127  12:51  Roach x3  
  127  12:52  Roach x11  
  115  13:24  Roach x9  
  101  13:39  Roach x9  
  101  13:42  Roach x5  
  101  13:51  Roach x9  
  93  14:11  Roach x4  
  87  14:20  Roach  
  87  14:21  Roach x15  
  87  14:22  Roach x12  
  129  14:37  Muscular Augments  
  125  14:41  Hydralisk  
  125  14:42  Hydralisk x4  
  127  15:08  Hydralisk  
  127  15:09  Hydralisk x9  
  127  15:10  Roach x28  
  145  15:16  Spore Crawler  
  145  15:18  Spore Crawler  
  141  15:22  Queen  
  141  15:24  Hydralisk  
  141  15:25  Hydralisk x4  
  151  15:31  Roach x19  
  133  15:54  Hydralisk  
  133  15:55  Hydralisk x10  
  117  16:18  Hydralisk x6  
  113  16:51  Hydralisk  
  113  16:52  Hydralisk x6  
  127  17:19  Roach x7  
  141  17:49  Hatchery  
Show
View Real Time Build Order
Export as new Build Order

blackxored Zerg - Winner!

Build Orders: Hatch First, Zergling Baneling 

Get SALT Encoding   

  12  0:01  Drone  
  13  0:08  Drone  
  14  0:17  Overlord  
  14  0:24  Extractor  
  14  0:25  Drone  
  15  0:37  Drone x2  
  17  0:53  Hatchery  
  17  0:55  Drone  
  17  0:58  Drone  
  18  1:10  Extractor  
  17  1:13  Spawning Pool  
  17  1:16  Drone  
  17  1:19  Drone  
  18  1:29  Drone  
  19  1:38  Overlord  
  19  1:49  Drone  
  20  2:00  Queen  
  23  2:01  Zergling x2  
  23  2:05  Queen  
  23  2:06  Zergling x2  
  26  2:11  Zergling x2  
  26  2:13  Metabolic Boost  
  27  2:20  Drone  
  28  2:32  Zergling x6  
  31  2:37  Drone  
  32  2:44  Hatchery  
  32  2:49  Baneling Nest  
  30  3:07  Drone x5  
  30  3:11  Overlord  
  34  3:20  Drone x2  
  34  3:22  Overlord  
  34  3:26  Overlord  
  36  3:34  Lair  
  36  3:37  Baneling x2  
  36  3:38  Baneling  
  36  3:44  Drone x2  
  36  3:45  Drone  
  36  3:48  Baneling  
  39  3:55  Drone x4  
  43  3:57  Drone  
  43  4:00  Drone  
  43  4:02  Zergling x2, Baneling  
  46  4:04  Zergling x2  
  44  4:14  Zergling x4  
  44  4:15  Zergling x6  
  49  4:18  Baneling x2  
  43  4:30  Drone x4  
  41  4:35  Baneling  
  39  4:40  Drone x3  
  39  4:43  Drone  
  43  4:47  Queen  
  45  4:55  Drone x5  
  45  4:56  Drone x2  
  52  5:00  Extractor  
  52  5:03  Zergling x4  
  52  5:05  Baneling  
  53  5:08  Extractor  
  53  5:09  Extractor, Queen  
  53  5:21  Baneling x2  
  53  5:23  Zergling x10  
  53  5:24  Zergling x4  
  53  5:25  Spine Crawler  
  53  5:43  Zergling x4  
  53  5:44  Zergling x8  
  53  5:49  Zergling x4  
  53  5:50  Zergling x6  
  54  6:10  Drone x7  
  61  6:12  Baneling  
  61  6:13  Baneling x2  
  61  6:16  Baneling x4  
  61  6:30  Zergling x10  
  66  6:35  Overlord x3  
  66  6:44  Spire, Drone  
  66  6:53  Queen  
  68  6:59  Drone x4  
  68  7:00  Drone x5  
  77  7:02  Spore Crawler  
  77  7:05  Drone  
  77  7:07  Spore Crawler  
  72  7:39  Overseer  
  72  7:42  Overseer  
  72  7:44  Overlord x2  
  72  7:48  Drone x12  
  72  7:49  Drone  
  85  7:51  Extractor  
  85  7:53  Extractor  
  85  7:54  Overlord  
  85  7:56  Zerg Flyer Armor Level 1  
  83  8:05  Drone  
  83  8:06  Drone x2  
  83  8:07  Hatchery  
  83  8:12  Mutalisk x3  
  91  8:21  Mutalisk x2  
  91  8:25  Mutalisk  
  97  8:27  Overlord x4  
  97  8:40  Baneling  
  97  8:46  Mutalisk x4  
  105  8:48  Overlord x2  
  105  8:49  Overlord x2  
  103  9:12  Mutalisk  
  103  9:13  Mutalisk x6  
  117  9:22  Overseer  
  117  9:26  Mutalisk  
  117  9:27  Mutalisk  
  121  9:34  Mutalisk  
  123  9:46  Hatchery  
  123  9:48  Mutalisk  
  123  9:50  Zerg Flyer Weapons Level 1  
  124  9:57  Mutalisk  
  124  9:58  Mutalisk  
  128  10:00  Zergling x4  
  128  10:01  Overlord x3  
  128  10:02  Overlord x3  
  130  10:30  Mutalisk x3  
  130  10:31  Mutalisk x2  
  130  10:33  Drone x2  
  130  10:34  Drone x6  
  130  10:35  Drone x5  
  153  10:57  Extractor  
  153  11:02  Extractor  
  153  11:04  Mutalisk x5  
  150  11:05  Mutalisk  
  147  11:28  Drone x2  
  147  11:29  Drone  
  147  11:30  Drone x3  
  144  11:35  Drone x3  
  144  11:37  Drone x3  
  129  11:40  Drone  
  129  11:44  Zerg Flyer Armor Level 2  
  123  11:53  Queen  
  107  11:54  Mutalisk x5  
  112  12:05  Drone x4  
  115  12:13  Drone  
  115  12:14  Drone x7  
  123  12:52  Zergling x30  
  138  13:05  Infestation Pit  
  129  13:25  Overseer  
  129  13:30  Pneumatized Carapace  
  120  13:49  Drone x14  
  120  13:50  Drone x2  
  130  14:00  Zerg Flyer Weapons Level 2  
  127  14:04  Drone x6  
  127  14:05  Drone x3  
  134  14:16  Drone x2  
  134  14:17  Drone  
  118  14:24  Hatchery  
  117  14:35  Drone x4  
  117  14:36  Drone x2  
  121  14:50  Lair  
  118  15:02  Spore Crawler  
  117  15:27  Mutalisk x9  
  135  15:49  Mutalisk x2  
  139  15:59  Mutalisk x2  
  143  16:17  Hive  
  143  16:21  Overlord  
  143  16:22  Hatchery  
  142  16:26  Hatchery  
  141  16:35  Drone x6  
  129  16:47  Zergling x4  
  129  16:49  Baneling x6  
  129  16:50  Baneling x3  
  131  16:56  Centrifical Hooks  
  128  17:10  Zergling x8  
  128  17:12  Baneling x4  
  132  17:18  Overlord  
  132  17:20  Overlord  
  132  17:26  Overseer  
  136  17:31  Zergling x4  
  136  17:34  Baneling x8  
  134  17:39  Drone x2  
  134  17:41  Drone  
  134  17:43  Drone  
  138  17:51  Zergling x8  
  127  18:24  Zergling x16  
  127  18:25  Zergling x8  
  110  18:39  Mutalisk x3  
  110  18:40  Mutalisk  
  103  18:46  Drone  
  83  18:54  Overseer  
  76  18:57  Mutalisk x2  
  76  18:58  Mutalisk x5  
Tags
 
Add a new tag
Caveats
  • Supply blocks, unpowered buildings, or Contaminate may cause inaccurate times.
  • Supply counts are checked every 10 seconds.